 Dungeon Crawl Stone Soup version 0.29.0-4-gdea44cf6ec (webtiles) character file.

Game seed: 1746045383725227995

170 qw the Chopper (level 5, -1/30 HPs)
             Began as a Tengu Warper on Aug 28, 2022.
             Succumbed to a water moccasin's poison
             ... on level 4 of the Dungeon.
             The game lasted 00:00:20 (3268 turns).

qw the Chopper (Tengu Warper)                       Turns: 3268, Time: 00:00:20

Health: -1/30      AC: 10    Str: 14    XL:     5   Next: 50%
Magic:  9/9        EV:  8    Int: 13    God:
Gold:   191        SH:  0    Dex: 13    Spells: 8/8 levels left

rFire   . . .      SeeInvis .   b - +0 war axe
rCold   . . .      Faith    .   (no shield)
rNeg    . . .      Spirit   .   f - +0 chain mail
rPois   .          Reflect  .   (helmet restricted)
rElec   .          Harm     .   d - +0 cloak
rCorr   .          Rampage  .   (no gloves)
Will    .....                   (boots unavailable)
Stlth   ..........              (no amulet)
HPRegen 0.10/turn               (no ring)
MPRegen 0.11/turn               (no ring)

@: lethally poisoned (-1 -> -14), flying quickly and evasively, quick
A: beak, talons 3, nimble flight
a: no special abilities


You were on level 4 of the Dungeon.
You visited 1 branch of the dungeon, and saw 4 of its levels.

You collected 191 gold pieces.


Innate Abilities, Weirdness & Mutations

You have a beak for a mouth.
You have claws for feet.
Your magical nature lets you fly swiftly and evasively.


   Skills:
 - Level 2.0 Fighting
 + Level 5.6 Axes
 - Level 1.0 Throwing
 - Level 2.5 Armour
 - Level 2.1 Dodging
 - Level 2.0 Spellcasting
 - Level 2.4 Translocations


You had 8 spell levels left.
You didn't know any spells.
Your spell library contained the following spells:

 Spells                   Type           Power      Damage    Failure   Level
 Blink                    Tloc           14%        N/A       98%         2
 Gell's Gravitas          Tloc           7%         N/A       100%        3
 Lesser Beckoning         Tloc           7%         N/A       100%        3
 Teleport Other           Tloc           7%         N/A       100%        3
 Manifold Assault         Tloc           7%         N/A       100%        5

Inventory:

Hand Weapons
 b - a +0 war axe (weapon)
 g - a +0 whip
Armour
 d - a +0 cloak (worn)
 f - a +0 chain mail (worn)
Jewellery
 i - a +4 ring of slaying {mikee}
Scrolls
 j - a scroll of magic mapping {unknown}
Potions
 a - a potion of brilliance {unknown}
 c - a potion of flight {unknown}
 e - a potion of curing {unknown}
 h - a potion of ambrosia {unknown}
 k - a potion of invisibility {unknown}

Dungeon Overview and Level Annotations

Branches:
Dungeon (4/15)
 Temple: D:4-7

Altars:
Fedhas

Shops:
D:1 [   D:2 [


Message History

The hound is moderately wounded.
The hound barely misses you. The hound bites you.
You closely miss the hound. You peck the hound.
The hound is heavily wounded.
The hound bites you but does no damage. x2
You barely miss the hound. You peck the hound.
The hound is heavily wounded.
The hound bites you but does no damage. x2
You slash the hound! Your kick misses the hound. Your peck misses the hound.
The hound is almost dead.
The hound bites you but does no damage. x2
You slash the hound!
You kill the hound!
The water moccasin bites you but does no damage.
Your Armour skill increases to level 2!
You closely miss the water moccasin. Your peck misses the water moccasin.
The water moccasin bites you but does no damage.
You barely miss the water moccasin. Your kick misses the water moccasin.
The water moccasin bites you.
You are poisoned.
The water moccasin poisons you!
The water moccasin completely misses you.
You barely miss the water moccasin. You claw the water moccasin.
The water moccasin is lightly wounded.
You feel very sick. The water moccasin barely misses you.
The water moccasin bites you!
You are more poisoned.
The water moccasin poisons you!
You barely miss the water moccasin. You claw the water moccasin.
The water moccasin is moderately wounded.
You feel extremely sick.
The water moccasin bites you but does no damage.
The water moccasin barely misses you.
You hit the water moccasin. Your peck misses the water moccasin.
The water moccasin is heavily wounded.
You feel very sick. The water moccasin closely misses you.
You closely miss the water moccasin. Your peck misses the water moccasin.
The water moccasin is heavily wounded.
You die...

##.######.#.<#...#
#.# #.#.##%#.# #.#
..#.##.#.# #.#
##.#....#.# #..
#.###..#.# ###
#.#....#.#
#.#.#....#
#.#...##.#
#.#.#.##@#
#.###.##S#
#.....##.#
#######... .## ..
.. .##


You could see a water moccasin.

Vanquished Creatures
  A hound (D:4)
  Crazy Yiuf (D:3)
  3 adders
  A worm (D:3)
  2 dart slugs (D:1)
  6 ball pythons
  5 bats
  7 endoplasms
  3 giant cockroaches
  9 goblins
  15 hobgoblins
  3 quokkas
  2 frilled lizards
  5 kobolds
  4 rats
67 creatures vanquished.

Notes
Turn   | Place    | Note
-------+----------+-------------------------------------------
     0 | D:1      | qw the Tengu Warper began the quest for the Orb.
     0 | D:1      | Reached XP level 1. HP: 12/12 MP: 4/4
     0 | D:1      | 0 ||| qw: Version: 0.1-a-89-g26bdef1
     0 | D:1      | 0 ||| qw: Game counter: 2668
     0 | D:1      | 0 ||| qw: Always use a shield: true
     0 | D:1      | 0 ||| qw: God list: Okawaru
     0 | D:1      | 0 ||| qw: Allow faded altars: false
     0 | D:1      | 0 ||| qw: Do Orc after D:15 true
     0 | D:1      | 0 ||| qw: Do second Lair branch before Depths: true
     0 | D:1      | 0 ||| qw: Lair rune preference: random
     0 | D:1      | 0 ||| qw: Plans: Normal
     0 | D:1      | 0 ||| PLANNING D:1-11
    56 | D:1      | 56 ||| Stepping ~*~*~tactically~*~*~ (hiding).
    57 | D:1      | 57 ||| Stepping ~*~*~tactically~*~*~ (hiding).
   107 | D:1      | Reached skill level 3 in Axes
   107 | D:1      | Reached XP level 2. HP: 17/17 MP: 6/6
   248 | D:1      | 248 ||| DROPPING +0 club.
   632 | D:1      | Found Laherizu's Armour Boutique.
   636 | D:1      | 636 ||| SHOPLISTING +0 ring mail (56 gold, have 37).
   636 | D:1      | 636 ||| SHOPLISTING +0 scale mail (56 gold, have 37).
   636 | D:1      | 636 ||| SHOPLISTING +2 robe of positive energy (205 gold,
                  | have 37).
   646 | D:1      | Reached XP level 3. HP: 19/21 MP: 7/7
   979 | D:1      | 979 ||| DROPPING ring of magical power.
   980 | D:1      | 980 ||| READING scroll labelled IWNOQE WUETAWN.
   981 | D:1      | 981 ||| DROPPING scroll of blinking.
  1075 | D:2      | Reached skill level 4 in Axes
  1193 | D:2      | Found a blossoming altar of Fedhas.
  1262 | D:2      | Found a faded altar of an unknown god.
  1563 | D:2      | 1563 ||| Stepping ~*~*~tactically~*~*~ (stealth).
  1565 | D:2      | 1565 ||| Stepping ~*~*~tactically~*~*~ (stealth).
  1567 | D:2      | Reached XP level 4. HP: 26/26 MP: 8/8
  1577 | D:2      | Found Viefomp's Antique Armour Emporium.
  1588 | D:2      | 1588 ||| FLEEEEING.
  1589 | D:2      | 1589 ||| FLEEEEING.
  1590 | D:2      | 1590 ||| FLEEEEING.
  1591 | D:2      | 1591 ||| FLEEEEING.
  1592 | D:2      | 1592 ||| FLEEEEING.
  1593 | D:2      | 1593 ||| FLEEEEING.
  1594 | D:2      | 1594 ||| FLEEEEING.
  1595 | D:2      | 1595 ||| FLEEEEING.
  1596 | D:2      | 1596 ||| FLEEEEING.
  1598 | D:2      | 1598 ||| FLEEEEING.
  1599 | D:2      | 1599 ||| FLEEEEING.
  1600 | D:2      | 1600 ||| FLEEEEING.
  1601 | D:2      | 1601 ||| FLEEEEING.
  1640 | D:2      | 1640 ||| SHOPLISTING glowing plate armour (572 gold, have
                  | 60).
  1640 | D:2      | 1640 ||| SHOPLISTING runed ring mail (154 gold, have 60).
  1877 | D:2      | 1877 ||| UPGRADING to +0 ring mail.
  1887 | D:2      | 1887 ||| DROPPING +0 leather armour.
  1888 | D:2      | 1888 ||| UPGRADING to +0 chain mail.
  1898 | D:2      | 1898 ||| DROPPING +0 ring mail.
  1995 | D:3      | 1995 ||| Stepping ~*~*~tactically~*~*~ (stealth).
  1996 | D:3      | 1996 ||| Stepping ~*~*~tactically~*~*~ (stealth).
  1999 | D:3      | 1999 ||| Stepping ~*~*~tactically~*~*~ (stealth).
  2072 | D:3      | 2072 ||| Stepping ~*~*~tactically~*~*~ (stealth).
  2093 | D:3      | Reached skill level 5 in Axes
  2214 | D:3      | 2214 ||| Stepping ~*~*~tactically~*~*~ (stealth).
  2518 | D:3      | Found a runed translucent door.
  2519 | D:3      | 2519 ||| SWAPPING to +0 war axe.
  2520 | D:3      | 2520 ||| DROPPING +0 hand axe.
  2521 | D:3      | Noticed Crazy Yiuf
  2816 | D:3      | 2816 ||| Stepping randomly (stuck).
  2820 | D:3      | HP: 4/26 [Crazy Yiuf/+2 quarterstaff of chaos (5)]
  2821 | D:3      | Killed Crazy Yiuf
  2822 | D:3      | Gained mutation: Your magical nature lets you fly swiftly
                  | and evasively. [Tengu growth]
  2822 | D:3      | Reached XP level 5. HP: 4/30 MP: 9/9
  3071 | D:3      | 3071 ||| UPGRADING to +0 cloak.
  3257 | D:4      | Noticed a water moccasin
  3266 | D:4      | HP: 6/30 [poisoned by a water moccasin]
  3267 | D:4      | HP: 2/30 [poisoned by a water moccasin]
  3268 | D:4      | Succumbed to a water moccasin's poison

Levels and vault maps discovered:
D:1:      minmay_arrival_doors, layout_basic, serial_shops, shop
D:2:      layout_rooms, serial_shops, shop, dreamdust_ecumenical_altar_statues,
          basic_altar
D:3:      cheibrodos_greedy_goblins, layout_rooms, uniq_crazy_yiuf_cottage
D:4:      layout_basic, dreamdust_wishing_well, st_stairs_2, solitary_fountain

Skill      XL: |  1  2  3  4  5 |
---------------+----------------+-----
Axes           | 3 4 5 |  5.6
Armour         | 2 |  2.5
Fighting       | |  2.0
Throwing       | |  1.0
Dodging        | |  2.1
Spellcasting   | |  2.0
Translocations | |  2.4

Action                   |  1- 3 |  4- 6 || total
-------------------------+-------+-------++-------
Melee: Hand axe          |    75 |    59 ||   134
       Kick              |    16 |    17 ||    33
       Peck              |     7 |     7 ||    14
       War axe           |       |    33 ||    33
Throw: Boomerang         |     7 |       ||     7
  Use: Scroll            |     1 |       ||     1
 Stab: Sleeping          |     1 |       ||     1
Armor: Leather armour    |    15 |     2 ||    17
       Chain mail        |       |    40 ||    40
Dodge: Dodged            |    58 |    30 ||    88

Table legend:
 A = Non-vault XP
 B = Vault XP
 C = Vault XP percentage of total XP
 D = Non-vault monster count
 E = Vault monster count
 F = Vault count percentage of total count
                 A         B        C        D         E       F
            +---------+---------+-------+---------+---------+-------
      Total |     179 |      64 |  26.3 |      54 |      13 |  19.4
            +---------+---------+-------+---------+---------+-------
        D:1 |      43 |       0 |   0.0 |      22 |       0 |   0.0
        D:2 |      46 |       0 |   0.0 |      14 |       0 |   0.0
        D:3 |      21 |      64 |  75.3 |      10 |      13 |  56.5
        D:4 |      69 |       0 |   0.0 |       8 |       0 |   0.0
            +---------+---------+-------+---------+---------+-------
